 Dungeon Crawl Stone Soup version 0.27-a0-909-g0721f309d1 (webtiles) character file.

Game seed: 14414983979060366028

30 kae the Ruffian (level 3, -8/28 HPs)
             Began as a Demonspawn Gladiator on Apr 8, 2021.
             Mangled by a kobold
             ... wielding a +2 whip of electrocution
              (16 damage)
             ... on level 2 of the Dungeon.
             The game lasted 00:00:36 (1341 turns).

kae the Ruffian (Demonspawn Gladiator)              Turns: 1341, Time: 00:00:36

Health: -8/28      AC:  4    Str: 15    XL:     3   Next: 3%
Magic:  3/3        EV: 12    Int:  9    God:
Gold:   40         SH:  0    Dex: 14    Spells: 2/2 levels left

rFire    . . .     SeeInvis .     - Unarmed
rCold    . . .     Faith    .   (no shield)
rNeg     . . .     Spirit   .   a - +0 leather armour
rPois    .         Reflect  .   b - +0 helmet
rElec    .         Harm     .   (no cloak)
rCorr    .         Rampage  .   (no gloves)
Will     .....                  (no boots)
Stlth    +.........             (no amulet)
HPRegen  0.09/turn              (no ring)
MPRegen  0.08/turn              (no ring)

@: no status effects
A: powered by death 1
a: no special abilities


You were on level 2 of the Dungeon.
You visited 1 branch of the dungeon, and saw 2 of its levels.

You collected 40 gold pieces.

Inventory:

Missiles
 c - 3 throwing nets (quivered)
Armour
 a - a +0 leather armour (worn)
 b - a +0 helmet (worn)
Potions
 d - a potion of brilliance {unknown}
 e - 4 potions of flight {unknown}


   Skills:
 + Level 2.4 Fighting
 - Level 1.7 Throwing
 + Level 3.0 Dodging
 * Level 3.3 Unarmed Combat


You had 2 spell levels left.
You didn't know any spells.
Your spell library was empty.

Dungeon Overview and Level Annotations

Branches:
Dungeon (2/15)

Altars:
Elyvilon


Innate Abilities, Weirdness & Mutations

You regenerate a little health from kills.


Message History

Your experience leads to an increase in your attributes!
Increase (S)trength, (I)ntelligence, or (D)exterity?
You feel stronger.
You completely miss the frilled lizard.
The frilled lizard bites you but does no damage.
You hit the frilled lizard.
You kill the frilled lizard!
You hit the kobold.
The kobold is moderately wounded.
The kobold hits you with a +2 whip of electrocution.
You are electrocuted!
You are too injured to fight recklessly!
A kobold is nearby!
A kobold is nearby!
You are too injured to fight recklessly!
You are too injured to fight recklessly!
A kobold is nearby!
You are too injured to fight recklessly!
You are too injured to fight recklessly!
A kobold is nearby!
You hit the kobold but do no damage.
The kobold is moderately wounded.
You hit the kobold but do no damage.
The kobold is moderately wounded.
The kobold closely misses you.
You hit the kobold but do no damage.
The kobold is moderately wounded.
The kobold misses you.
You barely miss the kobold.
The kobold is moderately wounded.
The kobold closely misses you.
You closely miss the kobold. The kobold closely misses you.
You closely miss the kobold. The kobold closely misses you.
You closely miss the kobold.
The kobold hits you with a +2 whip of electrocution.
* * * LOW HITPOINT WARNING * * *
You closely miss the kobold. The kobold hits you but does no damage.
You are electrocuted!
Ouch! That really hurt!
You die...

#.####.......#
#.#
#............#
...
######..#.##.
#.. #..# ..
... #.)####.##
##†.......#
#.........#
#.#.##.#..
#..#@K#..#
#.#!##.#.#
#.#. #.# #..#
#.# #. #


You could see a kobold.

Vanquished Creatures
  3 dart slugs
  3 endoplasms
  A giant cockroach (D:1)
  A goblin (D:2)
  3 hobgoblins
  2 jackals (D:1)
  4 ball pythons (D:1)
  4 frilled lizards
  2 kobolds (D:1)
23 creatures vanquished.

Notes
Turn   | Place    | Note
-------+----------+-------------------------------------------
     0 | D:1      | kae the Demonspawn Gladiator began the quest for the Orb.
     0 | D:1      | Reached XP level 1. HP: 16/16 MP: 1/1
   392 | D:1      | Gained mutation: You regenerate a little health from kills.
                  | [demonic ancestry]
   392 | D:1      | Reached XP level 2. HP: 22/22 MP: 2/2
  1331 | D:2      | Reached XP level 3. HP: 20/28 MP: 3/3
  1341 | D:2      | Mangled by a kobold

Illustrated notes

Levels and vault maps discovered:
D:1:      nicolae_arrival_memento_mori, layout_basic, serial_co_window_serial,
          co_window_paths_b, co_window_of_opportunity_a, co_window_cross_1,
          co_window_paths_a, co_window_corner_a, co_window_corner_a,
          co_window_paths_a, co_window_paths_c, co_window_of_opportunity_b,
          co_window_corner_b, co_window_of_opportunity_b, glass_columns_a,
          glass_columns_a, glass_columns_c, glass_columns_c
D:2:      layout_loops_cross, basic_altar, minmay_small_reverse_x

Skill      XL: |  1  2 |
---------------+-------+-----
Unarmed Combat | 3 |  3.3
Dodging        | 3 |  3.0
Fighting       | |  2.4
Throwing       | |  1.7

Action                   || total
-------------------------++-------
Melee: Unarmed           ||    86
       Punch             ||     1
 Stab: Sleeping          ||     2
Armor: Leather armour    ||    23
Dodge: Dodged            ||    57

Table legend: (Time is in decaauts)
 A = Elapsed time spent in this place.
 B = Non-inter-level travel time spent in this place.
 C = Inter-level travel time spent in this place.
 D = Time resting spent in this place.
 E = Time spent auto-exploring this place.
 F = Levels seen in this place.
 G = Mean time per level.
                   A        B        C        D        E       F      G
               +--------+--------+--------+--------+--------+-----+--------+
         Total |   1336 |   1310 |     26 |      0 |   1164 |   2 |  668.0 |
       Dungeon |   1336 |   1310 |     26 |      0 |   1164 |   2 |  668.0 |
               +--------+--------+--------+--------+--------+-----+--------+

Top non-repeatable levels by time:
     D:1: 1146 daAuts
     D:2: 189 daAuts
